 Dungeon Crawl Stone Soup version 0.30.0 (webtiles) character file.

Game seed: 3168939815666372114

13700 bmack86 the Cleaver (level 11, -1/99 HPs)
             Began as a Minotaur Fighter on May 6, 2023.
             Was a High Priest of Okawaru.
             Killed from afar by an electric eel (5 damage)
             ... with a bolt of electricity
             ... on level 1 of the Lair of Beasts.
             The game lasted 00:32:50 (9379 turns).

bmack86 the Cleaver (Minotaur Fighter)              Turns: 9379, Time: 00:32:51

Health: -1/99      AC: 17    Str: 25    XL:     11   Next: 79%
Magic:  14/14      EV:  6    Int:  5    God:    Okawaru [*****.]
Gold:   521        SH: 15    Dex: 10    Spells: 10/10 levels left

rFire   . . .        K - +3 broad axe (venom)
rCold   . . .        F - +0 kite shield
rNeg    . . .        c - +0 plate armour
rPois   +            (helmet restricted)
rElec   .            (no cloak)
rCorr   +            (no gloves)
SInv    .            H - +2 pair of boots
Will    .....        f - amulet of reflection Stlth
                     w - ring of resist corrosion
HPRegen 0.36/turn    d - +4 ring of slaying
MPRegen 0.14/turn

%: reflection
@: hasted, studying Shields, very quick
A: horns 2, retaliatory headbutt, poison resistance
a: Renounce Religion, Heroism, Finesse, Duel


You were on level 1 of the Lair of Beasts.
You worshipped Okawaru.
Okawaru was extremely pleased with you.
You visited 3 branches of the dungeon, and saw 13 of its levels.
You also visited: Bailey.

You collected 521 gold pieces.

Inventory:

Hand Weapons
 a - a +0 spectral war axe
 v - a +3 war axe
 I - the +4 lajatang of Spite {flame, rPois}
   (You found it in a bailey)

   rPois:     It protects you from poison.
 J - a +2 hand axe of freezing
 K - a +3 broad axe of venom (weapon)
Missiles
 h - 4 boomerangs
 i - 58 poisoned darts (quivered)
 G - 3 curare-tipped darts
Armour
 c - a +0 plate armour (worn)
 k - a +0 chain mail
 F - a +0 kite shield (worn)
 H - a +2 pair of boots (worn)
Jewellery
 d - a +4 ring of slaying (right hand)
 e - a ring of protection from fire
 f - an amulet of reflection (around neck)
 j - an amulet of regeneration
 w - a ring of resist corrosion (left hand)
 P - a ring of ice
Wands
 b - a wand of iceblast (6)
 n - a wand of digging (7)
 q - a wand of mindburst (24)
 z - a wand of paralysis (12)
 N - a wand of flame (7)
Scrolls
 m - 2 scrolls of magic mapping
 p - 4 scrolls of enchant armour
 x - 2 scrolls of amnesia
 y - 2 scrolls of silence
 L - a scroll of poison
 M - a scroll of teleportation
Potions
 g - 9 potions of curing
 l - 2 potions of might
 o - 2 potions of invisibility
 r - 3 potions of berserk rage
 s - 3 potions of brilliance
 t - 5 potions of attraction
 A - a potion of heal wounds
 B - 2 potions of mutation
 C - a potion of lignification {unknown}
 D - a potion of resistance {unknown}
 O - a potion of ambrosia {unknown}


   Skills:
 + Level 9.6 Fighting
 * Level 12.7 Axes
 + Level 7.2 Throwing
 + Level 9.5 Armour
 + Level 9.9 Shields
 + Level 6.5 Invocations


You had 10 spell levels left.
You didn't know any spells.
Your spell library contained the following spells:

 Spells                   Type           Power      Damage    Failure   Level
 Beastly Appendage        Tmut           0%         N/A       100%        1
 Sandblast                Erth           0%         2d4       100%        1
 Passwall                 Tmut/Erth      0%         N/A       100%        2
 Wereblood                Tmut           0%         N/A       100%        2
 Spider Form              Tmut/Pois      0%         N/A       100%        3
 Stone Arrow              Conj/Erth      0%         3d7       100%        3
 Manifold Assault         Tloc           0%         N/A       100%        4
 Iskenderun's Battlesphe  Conj           0%         2d6       100%        5
 Dispersal                Tloc           0%         N/A       100%        6
 Iron Shot                Conj/Erth      0%         9d1       100%        6
 Disjunction              Tloc           0%         N/A       100%        8
 Spellforged Servitor     Conj/Summ      Unusable   N/A       N/A         7

Dungeon Overview and Level Annotations

Branches:
Dungeon (11/15)            Temple (1/1) D:4            Lair (1/5) D:8
 Bailey (visited)
    Orc: D:9-12

Altars:
Ashenzari
Cheibriados
Dithmenos
Elyvilon
Fedhas
Gozag
Hepliaklqana
Kikubaaqudgha
Makhleb
Nemelex Xobeh
Okawaru
Qazlal
Ru
Sif Muna
Trog
Uskayaw
Vehumet
Wu Jian
Xom
Yredelemnul
Zin
The Shining One

Annotations:
D:11 Lodul


Innate Abilities, Weirdness & Mutations

You have a pair of horns on your head.
You reflexively headbutt those who attack you in melee.
Your system is resistant to poisons. (rPois)


Message History

* * * LOW HITPOINT WARNING * * *
The electric eel shoots out a bolt of lightning at you!
The bolt of electricity hits the electric eel.
The electric eel completely resists.
The bolt of electricity hits you but does no damage.
You slice the electric eel!!
You kill the electric eel!
Okawaru accepts your kill.
You hear a splash.
The electric eel shoots out a bolt of lightning at you!
The bolt of electricity hits you!
* * * LOW HITPOINT WARNING * * *
The electric eel shoots out a bolt of lightning at you!
The bolt of electricity hits the electric eel.
The electric eel completely resists.
The bolt of electricity hits you.
* * * LOW HITPOINT WARNING * * *
You closely miss the electric eel. The basilisk gazes at you.
You resist with some effort.
The electric eel shoots out a bolt of lightning at you!
The bolt of electricity hits you.
* * * LOW HITPOINT WARNING * * *
Unknown command.
The electric eel shoots out a bolt of lightning at you!
The bolt of electricity hits the electric eel.
The electric eel completely resists.
The bolt of electricity hits you.
* * * LOW HITPOINT WARNING * * *
The electric eel shoots out a bolt of lightning at you!
The bolt of electricity hits you but does no damage.
You slash the electric eel!
The electric eel looks as sick as possible!
The electric eel is severely wounded.
You barely miss the electric eel.
Unknown command.
You closely miss the electric eel.
The electric eel is severely wounded.
You hit the electric eel.
The electric eel is poisoned.
The electric eel shoots out a bolt of lightning at you!
The bolt of electricity hits you.
You die...

..........### #.##
.............## #.##
..............# ##..#
..............## #...#
..≈.~.........P######..#
.~≈≈≈≈≈.................
≈≈≈≈.≈≈................#
≈$.:.≈≈S.....########...
≈≈..lSS@....## ##...
.≈≈>≈≈......# ##....
..≈≈≈~......# #.....
............# #.....
...........## ##....
......?^...# ##...
...........# ##..
........P..## ## ##.
#.####P####.


You could see a basilisk and 3 electric eels.

Vanquished Creatures
  Erica (D:9)
  A two-headed ogre (D:9)
  A death yak (D:8)
  An orc knight (Bailey)
  Pikel (D:7)
  An elephant (D:8)
  Psyche (D:10)
  Maggie (D:7)
  A freezing wraith (D:11)
  A hornet (D:7)
  Prince Ribbit (D:7)
  5 slime creatures (D:10)
  2 shadows
  3 wyverns
  10 yaks
  A wraith (D:10)
  A basilisk (D:8)
  5 steam dragons
  2 water moccasins (D:8)
  3 sky beasts (D:6)
  3 ice beasts
  12 orc warriors
  3 ogres
  6 black bears
  3 centaurs
  5 kobold brigands
  2 bullfrogs
  2 gnoll sergeants
  2 scorpions
  11 wights
  5 killer bees (D:10)
  2 howler monkeys
  3 electric eels
  4 jellies
  An orc priest (D:5)
  2 hounds
  5 iguanas
  2 sleepcaps
  Ijyb (D:4)
  6 orc wizards
  17 gnolls
  8 adders
  2 white imps
  3 worms
  2 dart slugs
  44 orcs
  4 bats
  5 endoplasms
  4 giant cockroaches
  9 goblins
  11 hobgoblins
  8 jackals
  4 quokkas
  6 ball pythons
  5 frilled lizards
  27 kobolds
  6 rats
288 creatures vanquished.

Vanquished Creatures (others)
  2 kobolds (D:8)
  2 fungi (D:8)
  A withered plant (D:4)
5 creatures vanquished.

Grand Total: 293 creatures vanquished

Notes
Turn   | Place    | Note
-------+----------+-------------------------------------------
     0 | D:1      | bmack86 the Minotaur Fighter began the quest for the Orb.
     0 | D:1      | Reached XP level 1. HP: 19/19 MP: 0/0
   188 | D:1      | Reached XP level 2. HP: 23/27 MP: 1/1
   231 | D:1      | Reached skill level 3 in Axes
   238 | D:1      | Found a faded altar of an unknown god.
   703 | D:2      | You fall into a shaft and drop 1 floor!
   706 | D:2      | Found a blossoming altar of Fedhas.
   844 | D:2      | Reached XP level 3. HP: 33/33 MP: 2/2
  1507 | D:3      | Reached XP level 4. HP: 36/40 MP: 3/3
  1538 | D:3      | Reached skill level 1 in Throwing
  1581 | D:3      | Reached skill level 4 in Axes
  1622 | D:3      | Found a sparkling altar of Nemelex Xobeh.
  1933 | D:3      | Reached XP level 5. HP: 25/47 MP: 4/4
  1939 | D:3      | Gained mutation: Your system is resistant to poisons.
                  | (rPois) [potion of mutation]
  2254 | D:4      | Identified a scroll of acquirement
  2254 | D:4      | Acquired a +4 ring of slaying
  2321 | D:4      | Found a staircase to the Ecumenical Temple.
  2330 | Temple   | Entered the Ecumenical Temple
  2751 | D:4      | Noticed Ijyb
  2760 | D:4      | Killed Ijyb
  2891 | D:4      | Reached XP level 6. HP: 23/53 MP: 5/5
  2939 | D:4      | Reached skill level 5 in Axes
  2990 | D:4      | Found a basalt altar of Yredelemnul.
  3354 | D:5      | Entered Level 5 of the Dungeon
  3391 | D:5      | Reached skill level 5 in Fighting
  3440 | D:5      | Reached skill level 5 in Armour
  3440 | D:5      | Reached skill level 5 in Shields
  3495 | D:5      | Reached XP level 7. HP: 51/61 MP: 6/6
  3772 | D:5      | Found an iron altar of Okawaru.
  3780 | D:5      | Became a worshipper of Warmaster Okawaru
  3802 | D:5      | Reached skill level 6 in Axes
  3817 | D:5      | Noticed a steam dragon
  3824 | D:5      | Killed a steam dragon
  4035 | D:5      | Noticed a +0 short sword
  4035 | D:5      | Noticed a +0 spear
  4035 | D:5      | Noticed a +0 short sword
  4036 | D:5      | Noticed a +0 dagger
  4036 | D:5      | Noticed a +0 falchion
  4036 | D:5      | Noticed a +0 dagger
  4037 | D:5      | Noticed a +0 falchion
  4037 | D:5      | Noticed a +0 spear
  4108 | D:5      | Found a hide-covered altar of Uskayaw.
  4129 | D:5      | Reached skill level 1 in Invocations
  4403 | D:6      | Reached XP level 8. HP: 69/70 MP: 8/8
  4433 | D:6      | Reached skill level 7 in Axes
  4575 | D:6      | Reached * piety under Okawaru
  4804 | D:6      | Reached skill level 8 in Axes
  4859 | D:7      | Noticed a hornet
  4866 | D:7      | Killed a hornet
  4867 | D:7      | Reached XP level 9. HP: 67/78 MP: 10/10
  4984 | D:7      | Noticed Maggie
  4993 | D:7      | Killed Maggie
  4993 | D:7      | Reached ** piety under Okawaru
  5038 | D:7      | Noticed Pikel
  5042 | D:7      | Killed Pikel
  5043 | D:7      | Reached skill level 9 in Axes
  5238 | D:7      | Noticed Prince Ribbit
  5253 | D:7      | Killed Prince Ribbit
  5253 | D:7      | Reached *** piety under Okawaru
  5254 | D:7      | Reached skill level 5 in Throwing
  5622 | D:8      | Found a staircase to the Lair.
  5623 | D:8      | Noticed a death yak
  5624 | D:8      | Noticed an elephant
  5636 | D:8      | Killed an elephant
  5636 | D:8      | Killed a death yak
  5636 | D:8      | Reached **** piety under Okawaru
  5636 | D:8      | Received a gift from Okawaru
  5637 | D:8      | Reached skill level 10 in Axes
  5637 | D:8      | Reached XP level 10. HP: 51/88 MP: 10/12
  5889 | D:8      | Found a bloodstained altar of Trog.
  6467 | D:9      | Reached skill level 5 in Invocations
  6486 | D:9      | Reached skill level 11 in Axes
  6489 | D:9      | Reached ***** piety under Okawaru
  6509 | D:9      | Found a flagged portal.
  6538 | Bailey   | Entered a bailey
  6996 | Bailey   | Noticed an orc knight
  7006 | Bailey   | Killed an orc knight
  7007 | Bailey   | Reached XP level 11. HP: 74/95 MP: 7/14
  7022 | Bailey   | Identified the +4 lajatang of Spite {flame, rPois}
  7147 | D:9      | Found a glowing silver altar of Zin.
  7147 | D:9      | Noticed a two-headed ogre
  7151 | D:9      | Killed a two-headed ogre
  7151 | D:9      | Received a gift from Okawaru
  7525 | D:9      | Noticed Erica
  7542 | D:9      | Killed Erica
  7599 | D:9      | Found the +4 robe of Augmentation {Str+4 Int+4 Dex+4}
  7646 | D:9      | Found a shimmering altar of Xom.
  7646 | D:9      | Found a shimmering altar of Xom.
  7658 | D:9      | Found a shimmering altar of Xom.
  7659 | D:9      | Found a shimmering altar of Xom.
  7660 | D:9      | Found a shimmering altar of Xom.
  7842 | D:10     | Entered Level 10 of the Dungeon
  8084 | D:10     | Reached skill level 12 in Axes
  8088 | D:10     | Found a snail-covered altar of Cheibriados.
  8088 | D:10     | Noticed Psyche
  8098 | D:10     | Killed Psyche
  8402 | D:10     | Acquired a manual of Shields
  8593 | D:10     | Found a white marble altar of Elyvilon.
  8881 | D:11     | Identified the +0 plate armour of Hepliaklqana {rC- Regen+
                  | Str+3}
  8898 | D:11     | Received a gift from Okawaru
  8915 | D:11     | Noticed Lodul
  9026 | Lair:1   | Entered Level 1 of the Lair of Beasts
  9377 | Lair:1   | HP: 3/99 [electric eel/bolt of electricity (4)]
  9379 | Lair:1   | Killed from afar by an electric eel

Illustrated notes

Levels and vault maps discovered:
D:1:      pf_arrival_petrified_forest, layout_loops_cross,
          hellmonk_ecumenical_altar_dog_temple
D:2:      layout_basic, basic_altar, kennysheep_pointless_box,
          minmay_tetromino_s4
D:3:      minmay_thinvault, layout_basic, lemuel_doored_altar
D:4:      layout_basic, yredelemnul_altar_generic,
          minmay_temple_entry_statues_pillars, uniq_ijyb
D:5:      corexii_shack_village, layout_gridville, okawaru_metal_pillars_1_2,
          nicolae_uskayaw_en_pointe
D:6:      wad_pebble_path, layout_basic, grunt_ministairs_1
D:7:      layout_loops_ring, nicolae_elevator_lobby_plus, uniq_pikel,
          uniq_maggie, uniq_prince_ribbit1
D:8:      layout_loops_ring, trog_butcher_becter, david_lair_generic,
          serial_aquarium, aquarium_bridge_square [aquarium_subvault_bridge,
          aquarium_subvault_wall, aquarium_subvault_wall,
          aquarium_subvault_bridge], aquarium_window_corridor_3,
          aquarium_window_fake, aquarium_view_2e, aquarium_view_2d,
          aquarium_pool_four, minivault_14
D:9:      layout_small_grid, xom_redecorated, lemuel_tele_altar, enter_bailey_4,
          uniq_erica
D:10:     layout_loops_ring, mainiacjoe_overflow_paths,
          mainiacjoe_overflow_cross_hatched, minivault_19, corner_web_ring,
          uniq_psyche
D:11:     layout_big_octagon, hangedman_abyss_or_decor_jellyfish_corner,
          uniq_sonja, uniq_grum, uniq_lodul
Temple:   oiseaux_autumnal_temple
Lair:1:   wad_woods_stonehenge, layout_gridlike, st_stairs_4, disabler_island

Skill      XL: |  1  2  3  4  5  6  7  8  9 10 11 |
---------------+----------------------------------+-----
Axes           | 3 4 5 6 8 10 11 12 | 12.7
Armour         | 4 5 6 7 8 9 |  9.5
Shields        | 4 5 6 7 8 9 |  9.9
Fighting       | 4 5 6 8 9 |  9.6
Throwing       | 1 2 3 4 5 6 7 |  7.2
Invocations    | 1 3 4 5 6 |  6.5

Action                     |  1- 3 |  4- 6 |  7- 9 | 10-12 || total
---------------------------+-------+-------+-------+-------++-------
  Melee: War axe           |    73 |    89 |   116 |   119 ||   397
         Headbutt          |     9 |    16 |    18 |    63 ||   106
         Broad axe         |       |       |       |   151 ||   151
  Throw: Dart              |    13 |       |    20 |     8 ||    41
         Boomerang         |     4 |       |       |       ||     4
 Invoke: Heroism           |       |       |     2 |     3 ||     5
         Finesse           |       |       |       |     2 ||     2
    Use: Scroll            |     6 |     6 |     5 |    11 ||    28
         Potion            |       |     2 |     1 |     3 ||     6
 Armour: Scale mail        |    32 |       |       |       ||    32
         Chain mail        |     8 |    47 |    56 |    51 ||   162
         Plate armour      |       |       |       |    62 ||    62
  Dodge: Dodged            |    37 |    33 |    44 |    67 ||   181
  Block: Buckler           |    30 |    29 |    37 |       ||    96
         Reflection        |     1 |       |       |    49 ||    50
         Kite shield       |       |       |       |   252 ||   252
